Workbook
Name Categories: [1]Catalogue!$A$2:$A$7
Name GBF: #REF!
Name USF: #REF!

Sheet Scoring Card
A1: Scoring Card - CLIENT NAME - HubSpot
A2: Version: V0.1
A3: LLAG
A4: Security Requirements and associated protection measures | J4: Scoring
A5: Security Requirement | C5: Chapter | D5: Phase | E5: PM # | F5: Requirement short | G5: Description of Requirement | H5: Assessment Methodology | I5: Implementation through | J5: DD | K5: Score | L5: Reference | M5: Comments | N5: Source | O5: Reference M365 (example) | P5: Comments M365 (example)
A6: P05 | B6: P05 - Provider having appropriate data protection governance | C6: Data protection | D6: A - Due Diligence | E6: DP.01 | F6: Suitability of Cloud Provider as Processor (Sufficient Transparency) | G6: Cloud Provider needs to be trustworthy from a data protection point of view. Cloud Provider should offer enough information about his company and its subprocessors to enable Enterprise to make a well-founded selection in accordance with Art. 9 FDPA. This includes information regarding financial stability. | H6: Review | I6: Internal Documentation; regular checks | K6: 2 | O6: https://www.microsoft.com/en/trust-center/privacy DPA | P6: Microsoft provides sufficient documentation on its reliability in terms of data protection. In the Trust Center's "Privacy" section, you will find numerous resources and documentation, including audit reports, concerning data protection.
A7: P05 | B7: P05 - Provider having appropriate data protection governance | C7: Data protection | D7: A - Due Diligence | E7: DP.02 | F7: Complete and content-sufficient Data Processing Agreement | G7: Cloud Provider should be able to provide the applicable contractual terms. Consistent with the nature of Cloud Services with standardized offerings for all customers, Cloud Provider may use standard contracts. The data processing agreement needs to include the subject matter, duration, type and purpose of the processing as well as the type of personal data and categories of data subjects. It should contain commitments to the implementation of sufficient technical and organizational measures for the protection of the data security and commitments to not use the Personal Data contrary to instructions (i.e. "for own purposes"). | H7: Review | I7: Contract | K7: 2 | O7: DPA | P7: The DPA sets out legally sufficient rules for the processing of personal data by Microsoft in connection with the provision of the Online Services.
A8: P05 | B8: P05 - Provider having appropriate data protection governance | C8: Data protection | D8: A - Due Diligence | E8: DP.03 | F8: Instructions and Subordination | G8: Cloud Provider may process Personal Data within the scope of order processing only in accordance with instructions and in the interest of the Enterprise. | H8: Review | I8: Contract | K8: 2 | O8: VERIFIED | P8: Microsoft contractually warrants that Microsoft will use and otherwise process Customer Data, Professional Services Data, and Personal Data to provide Customer the Products and Services in accordance with the Customer's documented instructions (under "Nature of Data Processing; Ownership" and "Processing to provide the Customer with Products and Services" and Attachment 1 - European Union General Data Protection Regulation Terms). The "Processing Details" section specifies the nature and purpose, duration, as well as the categories of data and data subjects (in general). Appendix B specifies the processing of orders with regard to the data subjects and categories of personal data. With regard to the processing of personal data for the purposes of Microsoft's own business activities (Legitimate Business Operations), Microsoft is the controller. The customer's instructions do not relate to this.On this subject, see below under "Analysis". Analysis : The obligation to follow instructions is ensured. In the specification of order processing, Microsoft goes beyond what would be necessary under Art. 9 FADP (Swiss law places less stringent requirements on the specification of order processing than the EU GDPR - Annex 1 - Provisions on the EU GDPR - but also apply to customers whose processing is not subject to the EU GDPR; as explicitly stated in Annex 1, somewhat imprecisely in the reference to Annex 1 under "Processing of personal data: GDPR"). The specification of the subject matter, nature and purpose of the order processing is also set out (in addition to the specification of the data subjects and categories of personal data in Annex B). In addition, the contract as a whole and the service descriptions provide details on the subject matter, nature and purpose of the processing. In a pure and separate agreement on order data processing, it would be unusual for Microsoft to also use the personal data for the purposes of its "own business activities". However, Microsoft now (more aptly) refers to this as "Microsoft's business activities that are prompted by the provision of products and services to the customer". This expresses that these business activities are comprehensibly connected with the provision of the products and services to the customer and that the data protection addendum is to be understood in such a way that Microsoft is responsible in this respect under data protection law and that the customer's instructions therefore do not relate to this. In this context, Customer authorizes Microsoft to create aggregated statistical, non-personal data from data containing pseudonymized identifiers (such as usage logs containing unique, pseudonymized identifiers) and to calculate statistics related to Customer Data or Professional Services Data. In any case, this is done without accessing or analyzing the content of Customer Data or Professional Services Data. In addition, the Amendment for Switzerland regarding Microsoft Products and Services Data Protection Addendum clarifies that references to the GDPR in the DPA are also to be understood as references to the Swiss Data Protection Act and that the provisions of the GDPR in the sub-section "Processing of personal data; GDPR" of the DPA also apply where data processing is subject to Swiss data protection legislation. The assurances given in the relevant sub-section (including those relating to customer instructions and the roles of the parties as data controllers or data processors in relation to customer data in connection with the provision of the Services) therefore also apply to data processing subject to Swiss data protection legislation.
A10: P09 | B10: P09 - Provider having set adequate IAM procedures | C10: Data protection | D10: A - Due Diligence | E10: DP.04 | F10: Protection Against Unauthorized Access | G10: Cloud Provider should have implemented technical and organizational measures to protect against unauthorized physical access, against access to the virtualized IT infrastructure, against breaking out from a virtual Machine (Protection Against Unauthorized Logical Access from a Guest Virtual Machine to the Underlying Host System, etc.) | H10: Review | I10: Internal Documentation; regular checks Contract | K10: 1 | O10: Product Terms; Privacy & Security Terms DPA, Sections "Security Practices and Policies" and "Data Encryption" (p.13-14) | P10: Microsoft will implement and maintain appropriate technical and organizational measures to protect Customer Data, Professional Services Data, and Personal Data against accidental or unlawful destruction, loss, alteration, unauthorized disclosure of, or access to, personal data transmitted, stored or otherwise processed. Those measures will be set forth in a Microsoft Security Policy. Microsoft will make that policy available to the customer, along with other information reasonably requested by the customer regarding Microsoft's security practices and policies. In addition, these measures must comply with the requirements set forth in ISO 27001, ISO 27002 and ISO 27018. Each Core Online Service also complies with the control standards and frameworks shown in the table in the Product Terms (https://www.microsoft.com/licensing/terms/product/PrivacyandSecurityTerms/MCA). Each Core Online Service and Professional Service implements and maintains the security measures set forth in Appendix A for the protection of Customer Data and Professional Services Data. Customer Data and Professional Services Data (each including Personal Data therein) in transit over public networks between the Customer and Microsoft, or between Microsoft data centers, is encrypted by default. Microsoft also encrypts Customer Data stored at rest in online services and Professional Services Data stored at rest.
A11: P05 | B11: P05 - Provider having appropriate data protection governance | C11: Data protection | D11: A - Due Diligence | E11: DP.05 | F11: Protection Against Unauthorized Reuse | G11: Cloud Provider should have implemented technical and organizational measures to prevent unauthorized use or reuse of Personal Data by Cloud Provider, its subprocessors or personnel. | H11: Review | I11: Internal Documentation; regular checks | K11: 3 | O11: DPA, Section "Processor Confidentiality Commitment" (p. 19) and Appendix A - Security Measures Amendment for Switzerland regarding Microsoft Products and Services Data Protection Addendum Additional information (not part of the contract): Whitepaper "Microsoft data protection and security terms for products and services: Business Operations" (March 2023) | P11: Microsoft will ensure that its personnel engaged in the processing of Customer Data, Professional Services Data, and Personal Data (i) will process such data only on instructions from Customer or as described in this DPA, and (ii) will be obligated to maintain the confidentiality and security of such data even after their engagement ends. Microsoft shall provide periodic and mandatory data privacy and security training and awareness to its employees with access to Customer Data, Professional Services Data, and Personal Data in accordance with applicable Data Protection Requirements and industry standards. In addition (see Appendix A - Security Measures), Microsoft provides training, including data protection and security training, and audits compliance with security measures. Microsoft explains in the white paper on the subject of the Microsoft Business Purpose Agreement that Microsoft does not grant employees access to the content of Microsoft Business Purpose Customer Data (answer to the question "Does Microsoft access the content of Customer Data for LBOs?). This last point (no access to the content of Customer Data) is guaranteed by the M329 Supplementary Agreement. The customer can also limit and control access by Microsoft employees using the "Customer Lockbox" function.
A12: P05 | B12: P05 - Provider having appropriate data protection governance | C12: Data protection | D12: A - Due Diligence | E12: DP.06 | F12: Technical and Organizational Measures to ensure Data Security (TOM) | G12: Cloud Provider protects Personal Data against data security risks. Appropriate technical and organizational measures need to be in place to secure Confidentiality, Integrity and Availabilty (CIA) of Personal Data. In particular the following risks need to be hedged: - unauthorized or accidental destruction - accidental loss - technical failure - fraud, theft or misappropriation; - Unauthorized modification, copying, access or other unauthorized editing | H12: Review | I12: Contract | K12: 1 | O12: DPA, Data Security Section (p. 13-16) and Appendix A - Security Measures | P12: Microsoft undertakes to implement and maintain appropriate technical and organizational measures to protect Customer Data, Professional Services Data, and Personal Data against accidental or unlawful destruction, loss, alteration, unauthorized disclosure of, or access to, personal data transmitted, stored or otherwise processed. The measures are documented in Appendix A and meet the requirements of ISO 27001 (ISMS Standard), ISO 27002 (IT Security Standard) and ISO 27018 (Cloud Privacy Standard).
A13: P05 | B13: P05 - Provider having appropriate data protection governance | C13: Data protection | D13: B - Agreement | E13: DP.07 | F13: Instructions and Subordination | G13: Agreement must prohibit Cloud Provider from using Personal Data transmitted for mandated order processing for his own purposes or, conversely, precisely describe how an evaluation of the transmitted Personal Data is necessary for the provision of the Cloud Services. | H13: Contract review / negotiate | I13: Contract | K13: 4 | O13: DPA, Sections "Nature of Data Processing; Ownership", "Processing to Provide Customer the Products and Services", "Processing for Business Operations Incident to Providing the Products and Services to Customer", "Processor and Controller Roles and Responsibilities" as well as "Processing Details" (p. 8-12) and Appendix B - Data Subjects and Categories of Personal Data Amendment for Switzerland regarding Microsoft Products and Services Data Protection Addendum Additional information (not part of the contract): Whitepaper "Microsoft data protection and security terms for products and services: Business Operations" (March 2023) | P13: Some processing for business purposes is carried out at least equally for the purposes and in the interests of the customer. These include ensuring data security and preventing fraud, cybercrime or cyberattacks, as well as improving basic functionality in terms of accessibility, data protection and energy efficiency. Achieving these security and product improvement objectives are among the key benefits and features of cloud services. They are among the reasons why customers use cloud services. Other processing relating to Microsoft's business activities relates in principle to the processing that each controller must carry out in order to perform the contract with the customer, provide the services, invoice and document them. This also includes internal reporting and business modelling for forecasting, turnover calculation and capacity planning purposes. The same applies to other business objectives, such as billing and accounts management, remuneration calculations, financial reporting and compliance with legal obligations. However, it would be surprising (with the exception of the purpose of complying with legal obligations) if Microsoft processed unencrypted customer data, i.e. customer data and personal data downloaded, stored and processed by the customer when using the products and services provided, for such purposes. As a general rule, suppliers require the data transmitted by the customer for this purpose when executing the contract (communication with the supplier, payment of remuneration, etc.). In this respect, each supplier is responsible and not a subcontractor. Microsoft's decision to regulate processing under mandate and processing as responsible party in the same document (DPA) may give rise to uncertainty as to the legitimacy of the pursuit of its own objectives. On closer examination, however, it seems clear that Microsoft is not processing "commissioned data", but so-called contractual data for its own commercial activities. The Amendment for Switzerland regarding Microsoft Products and Services Data Protection Addendum specifies in this respect that the customer's "documented instructions" do not include any instruction by the Customer to Microsoft to process Customer Data or Professional Services Data for Microsoft's business operations.
A14: P05 | B14: P05 - Provider having appropriate data protection governance | C14: Data protection | D14: B - Agreement | E14: DP.08 | F14: Agreement (also standard contracts) | G14: Data Processing Agreement needs to include commitments to the implementation of sufficient technical and organizational measures for the protection of the data security and commitments to not use the Personal Data contrary to instructions (i.e. "for own purposes"). | H14: Contract review / negotiate | I14: Contract | K14: 1 | O14: DPA, Section "Processor Confidentiality Commitment" (p. 19) and Appendix A - Security Measures Amendment for Switzerland regarding Microsoft Products and Services Data Protection Addendum Additional information (not part of the contract): Whitepaper "Microsoft data protection and security terms for products and services: Business Operations" (March 2023) | P14: Microsoft will ensure that its personnel engaged in the processing of Customer Data, Professional Services Data, and Personal Data (i) will process such data only on instructions from Customer or as described in this DPA, and (ii) will be obligated to maintain the confidentiality and security of such data even after their engagement ends. Microsoft shall provide periodic and mandatory data privacy and security training and awareness to its employees with access to Customer Data, Professional Services Data, and Personal Data in accordance with applicable Data Protection Requirements and industry standards. In the white paper on the subject of Microsoft's agreement for commercial purposes, Microsoft explains that it does not allow employees to access the content of customer data, even for Microsoft's own commercial purposes (answer to the question "Does Microsoft access the content of Customer Data for LBOs?). This last point (no access to the content of customer data) is guaranteed by M329. The customer can also limit and control access by Microsoft employees using the "Customer Lockbox" function.
A15: P10 | B15: P04 - Provider adequately managing its subcontractors | C15: Data protection | D15: B - Agreement | E15: DP.09 | F15: Subprocessors | G15: Duty to provide Enterprise with information about which subprocessors are used and how Cloud Provider controls such subprocessors. | H15: Contract review / negotiate | I15: Contract | K15: 2 | O15: DPA, Data Security Section (p. 13-16) and Appendix A - Security Measures Amendment for Switzerland regarding Microsoft Products and Services Data Protection Addendum | P15: Microsoft informs the customer in a transparent manner on the Microsoft [Service Trust Portal] web pages about the use of subcontractors and their control by Microsoft (Microsoft Online Services Subprocessor List). In accordance with the Amendment for Switzerland, the provisions of the GDPR also apply to the equivalent provisions of the DPA. The latter provide for an authorisation obligation (on a case-by-case basis or - as Microsoft has chosen - with information and the right to object). However, Microsoft does not grant any right of supervision over contracts with subcontractors. As part of the examination of compliance with the DPA by Microsoft or by independent audit companies (in particular SOC2), compliance with Microsoft's obligation to conclude appropriate agreements with subcontractors on the processing of data by subcontractors is also examined. A separate sub-processor analysis for the project scope should be established. This would allow the list to be shortened and the various remaining sub-processors to be analysed. To be discussed.
A16: E03 | B16: E03 - Enterprise accepting risk on foreign state & crossborder legislation | C16: Data protection | D16: B - Agreement | E16: DP.10 | F16: Crossborder Disclosure | G16: Disclosures of Personal Data abroad and respective safeguards (if necessary) must be reflected and properly implemented: 1. Permitted to countries with adequate level of data protection (i.e. EU, EEA, few more) 2. Standard Contractual Clauses (and in certain circumstances Transfer Impact Assessment) | H16: Contract review / negotiate | I16: Contract | K16: 2 | O16: Product Terms - Privacy and Security Terms; Section "Location of Customer Data at Rest for Core Online Services"; "Location of Customer Data, Personal Data, and Professional Services Data for EU Data Boundary Services" DPA, Section "Data Transfers and Location" (p. 16); Appendix C - Additional Safeguards Addendum SCC 2021 with additional provisions specific to Switzerland between MIOL and Microsoft Corp. Amendment for Switzerland regarding Microsoft Products and Services Data Protection Addendum Additional information (not part of the contract): Whitepaper "Compliance with EU transfer requirements for personal data in the Microsoft Cloud" (March 2023) | P16: Microsoft stores data at rest in the geographical region chosen by the Cloud customer - e.g. Switzerland (Zurich/Geneva). For "EU Data Boundary Services", Microsoft stores and processes Customer Data (including personal data contained therein) exclusively within the EU and EFTA. To do: Are all Services in scope EU Data Boundary Services? In order to cover certain special cases (e.g. remote access in the event of assistance [which the customer can however prevent using the Customer Lockbox!], transfers initiated by the customer himself, transfer of limited data to identify security threats and protect the customer against them, where applicable, directory data in Entra, etc.), Microsoft is authorised (in principle), in accordance with the DPA, to transfer personal data to all countries in which Microsoft or Microsoft subcontractors are active (including the United States). Microsoft secures data transfers outside of the European Union, the European Economic Area, the United Kingdom or Switzerland with Module 3 of the EU Standard Contractual Clauses (Subcontractor to Subcontractor). These can be consulted on the Customer Trust Portal (microsoft.com, direct link: https://servicetrust.microsoft.com/ViewPage/TrustDocumentsV3?command=Download&downloadType=Document&downloadId=d4e2c91a-1c8f-40f6-a1ae-432f5dc2d6f5) and contain the supplements required by the FDPIC for Switzerland (on the last page (27), although these are not required per se in the Module 3 used between Microsoft Ireland and Microsoft Corp. in accordance with the FDPIC guidelines, given that the transfer is from an EU country to an unsafe third country ("onward transfer"). However, Microsoft has also implemented this. Furthermore, Microsoft assures specifically for any exceptional transfers to the USA in the DPA that they are certified under the EU-US and the Swiss-US Data Privacy Framework. Transfers to the USA to companies that are certified are therefore deemed to be transfers to a country with an adequate level of data protection. In addition, the DPA, in "Annex C - Additional Safeguards Addendum", provides assurances regarding Microsoft's behaviour (challenge, etc.) in the event of an injunction from the authorities requiring mandatory disclosure of personal data processed under the Data Protection Addendum. In this regard, Microsoft undertakes in the M329 Supplemental Agreement to contest requests from the authorities, including on the basis of conflicts with Swiss law. Annex C - as supplemented by the Amendment with respect to Switzerland - also grants data subjects in Switzerland the right to seek, under certain conditions, damages from Microsoft in connection with the disclosure of personal data to authorities outside of Switzerland in violation of Chapter V of the GDPR or equivalent provisions of Swiss data protection laws. Microsoft also warrants that it has no reason to believe that it will be unable to comply with its obligations under the SCC 2021 and that it will notify the Customer in the event of any change in legislation. Microsoft also provides a white paper that contains Microsoft's risk considerations regarding the consequences of disclosing data in the United States. This white paper may be used as a basis for any Transfer Impact Assessment. In it, Microsoft explains in detail its clarifications and thoughts on the US intelligence surveillance laws (FISA 702 and EO 12333) criticised in the Schrems II judgment of the Court of Justice of the European Union.
A18: P06 | B18: P06 - Provider having appropriate information security governance | C18: Data protection | D18: B - Agreement | E18: DP.11 | F18: Data Breach Notification | G18: Cloud Provider must immediately (under GDPR: within 72h) report data security breaches to Enterprise. The Cloud Services must be monitored for security breaches and optimizations must be proactively implemented. . | H18: Contract review / negotiate | I18: Contract | K18: 2 | O18: DPA, "Security Incident Notification" section (p. 16); Appendix A - Security measures Amendment for Switzerland regarding Microsoft Products and Services Data Protection Addendum | P18: Microsoft monitors services for security breaches (e.g. repeated access attempts with invalid passwords) and allows the customer to perform this monitoring. In addition Microsoft logs events, checks logs regularly and improves security where necessary. Details of this can be found in Appendix A - Security Measures. In accordance with the Amendment for Switzerland, the provisions of the GDPR also apply to the equivalent provisions of the DPA. These contain an obligation for data processors to notify customers (responsible parties) of data security breaches. Microsoft undertakes to notify the customer immediately of data security breaches, in any event within 72 hours. In addition, Microsoft undertakes to investigate and document security breaches and to allow the customer to inform data security incidents about the nature and timing of any data disclosures.
A19: P05 | B19: P05 - Provider having appropriate data protection governance | C19: Data protection | D19: B - Agreement | E19: DP.12 | F19: Support of Enterprise | G19: Obligation of Cloud Provider to support Enterprise in the obligation to support requests of data subjects to exercise their data protection rights (e.g., requests for information, correction and deletion) with suitable technical and organizational measures (as well as forwarding directly received requests, if necessary). Duty to provide information and assistance to Enterprise to enable him to perform its obligations with respect to data security compliance, data security breach notification, and conducting data protection impact assessments and pre-consultations with regulatory authorities, and to provide evidence of compliance with order processing provisions. | H19: Contract review / negotiate | I19: Contract | K19: 1 | O19: DPA, Attachment 1 - European Union General Data Protection Regulation Terms, Appendix A - Security measures, Information Security Incident Management Amendment for Switzerland regarding Microsoft Products and Services Data Protection Addendum | P19: Microsoft is committed to all customers to provide the information and assistance required by Article 28(3) GDPR, including with respect to the customer's handling of data subject requests, compliance with the customer's data security obligations, and proof of the customer's compliance with data processing requirements. With respect to assistance in investigating, reporting and documenting data security breaches, Appendix A - Security Measures, section "Information Security Incident Management", sets forth the assistance provided by Microsoft (see below). The information and assistance obligations are based on the GDPR standard, which goes further than the revised DPA in this respect. Protection is therefore sufficient. It would also be standard practice in the industry to specify the information to be provided in the event of a data security breach and an obligation never to respond to requests from data subjects oneself, but to forward them to the cloud customer (insofar as Microsoft can attribute them to a specific customer). The Amendment for Switzerland clarifies that references to the GDPR in the DPA are also understood as references to Swiss data protection laws and that the provisions of the GDPR in the sub-section "Processing of personal data; GDPR" also apply where data processing is subject to Swiss data protection legislation. The assurances given in the corresponding sub-section (including those relating to assistance obligations) therefore also apply to data processing subject to Swiss data protection legislation.
... A30: P06 | B30: P06 - Provider having appropriate information security governance | C30: Information security | D30: A - Due Diligence | E30: IS.11 | F30: Handling of Vulnerabilities, Malfunctions and Errors - Penetration Tests | G30: Cloud Provider performs penetration tests at least once a year. The penetration tests are carried out according to documented test methods and include the infrastructure components defined to be critical to the secure operation of the Cloud Service. | H30: Review | I30: Internal Documentation | K30: 2 | O30: Microsoft Compliance Checklist for Financial Institutions in Switzerland | P30: Microsoft conducts penetration tests to enable continuous improvement of incident response procedures. These internal tests help Microsoft cloud services security experts create a methodical, repeatable, and optimised stepwise response process and automation.
A31: E03 | B31: E03 - Enterprise accepting risk on foreign state & crossborder legislation | C31: Information security | D31: A - Due Diligence | E31: IS.12 | F31: Data Location | G31: Enterprise is able to determine the locations (city/country) of the data processing and storage including data backups. If a Cloud Provider renders its services at/from several sites, Cloud Provider needs to be able to define precisely at which site the service is rendered and the data is processed. | H31: Review | I31: Internal Documentation | O31: Product Terms, Privacy and Security Terms General information: https://www.microsoft.com/de-ch/trust-center/privacy/data-location Microsoft 365: https://learn.microsoft.com/de-ch/microsoft-365/enterprise/o365-data-locations?view=o365-worldwide | P31: For Core Online Services, Microsoft will store Customer Data at rest in certain major geographic areas (each a geographic area) as follows, unless otherwise provided in the specific terms of the Online Service: Office 365 Services. If Customer provisions its tenant in Australia, Brazil, Canada, the European Union, France, Germany, India, Japan, Norway, Qatar, South Africa, South Korea, Sweden, Switzerland, the United Kingdom, the United Arab Emirates, or the United States, Microsoft will store the following Customer Data at rest only within that Geo: (1) Exchange Online mailbox content (e-mail body, calendar entries, and the content of e-mail attachments), (2) SharePoint Online site content and the files stored within that site, (3) files uploaded to OneDrive for Business, (4) Microsoft Teams chat messages (including private messages, channel messages, meeting messages and images used in chats), and for customers using Microsoft Stream (Classic) (on SharePoint) meeting recordings, and (5) any stored content of interactions with Microsoft 365 Copilot to the extent not included in the preceding commitments. If Customer purchases an Advanced Data Residency subscription, then Microsoft will store certain Customer Data at rest in the applicable Geo in accordance with this section and the “Advanced Data Residency Commitments” section of the product documentation at https://aka.ms/adroverview.
A32: P08 | B32: P08 - Provider being committed to availability and continuity | C32: Information security | D32: A - Due Diligence | E32: IS.13 | F32: Data Backup and Restore | G32: Policies and instructions with technical and organisational measures for the regular backup (as well as snapshots, where applicable) and restoration of data. Access to the data backed up is limited to authorised personnel. | H32: Review | I32: Internal Documentation | K32: 1 | O32: Microsoft Corporation - Microsoft 365 System and Organization Controls (SOC) 2 Report, 2023-2024 | P32: Microsoft regularly backs up infrastructure data to Microsoft 365 and periodically validates data restoration for disaster recovery purposes. Backup standards and policies, procedures and controls are verified, documented and audited both internally and by third-party assessors. CA-49 – Procedures have been established for local redundant storage and/or other redundancy measures supporting the availability of applications and customer content. • Inquired of Data Redundancy and Restoration process owners that processes have been established for data redundancy and restorations. • Obtained and inspected evidence for a selection of replications to ascertain that data redundancy and replication were occurring according to defined procedures and alternative data/application instances were available for restoration or failover. No Exceptions Noted
A33: P06 | B33: P06 - Provider having appropriate information security governance | C33: Information security | D33: A - Due Diligence | E33: IS.14 | F33: Security Incident Management | G33: Policies and instructions with technical and organisational measures are in place to ensure a fast, effective and proper response to all known security incidents. After a security incident has been processed, the solution is documented and reported to Enterprises affected. | H33: Review | I33: Internal Documentation | K33: 1 | O33: Microsoft Corporation - Microsoft 365 System and Organization Controls (SOC) 2 Report, 2023-2024 https://learn.microsoft.com/en-us/compliance/assurance/assurance-security-incident-management | P33: Security Incident Monitoring M365 has implemented incident response procedures, which consist of technical mechanisms, organizational infrastructure, and other procedures to detect, respond, and deter security incidents. The M365 incident management technical infrastructure includes monitoring systems for detecting and alerting M365 personnel of security events and incidents. A monitoring agent is installed on each server at the time of server build-out to transfer the security logs to the Security Incident Response (SIR) team, which identifies potential incidents and serves as a central repository for investigations. Incidents posing significant risk to the environment are prioritized for response and mitigation. Additionally, each service team has on-call personnel covering a 24/7 schedule. If an incident is assigned a high enough severity, applicable contingency plans are invoked. When a contingency plan is invoked, the incident manager on shift works with the M365 Security team to implement the contingency plan. CA-26 – Processes and procedures have been established to report security incidents to the Security team. Security incidents are identified and tracked in an incident tracking system. • Inquired of Monitoring and Incident management process owners that processes for identifying, reporting, and responding to security incidents have been established. • Obtained and inspected incident documentation for a selection of incidents to ascertain that identified security incidents were documented within an incident tracking system and resolved. • Inquired of Monitoring and Incident management process owners that processes for addressing security incidents have been established and include processes for escalation and review. • Obtained and inspected incident documentation for a selection of incidents to ascertain that security incidents were escalated and reviewed by the appropriate team and required action was taken. No Exceptions Noted
A34: P09 | B34: P09 - Provider having set adequate IAM procedures | C34: Information security | D34: A - Due Diligence | E34: IS.15 | F34: System and Data Access | G34: Role and rights concept based on the business and security requirements of Cloud Provider as well as a policy for the management of system and data access authorisations are documented, communicated and provided and address the following areas: • Granting and change (provisioning) of data access authorisations on the basis of the "least-privilege principle" and as is necessary for performing the required tasks ("need-to-know principle") • Separation of functions between operative and controlling functions ("separation of duties") • Separation of functions in the administration of roles, approval and granting of data access authorisations | H34: Review | I34: Internal Documentation | K34: 1 | O34: Microsoft Compliance Checklist for Financial Institutions in Switzerland DPA Appendix A – Security Measures | P34: Microsoft restricts access to Customer Data only to those people who need such access to perform their job function and maintains a record of security privileges of individuals having access to Customer Data. Neither Microsoft nor subcontractors have standing administrative access to Customer Data. Microsoft Cloud operates with ”Zero standing ADMIN” a.k.a. ”Least Privilege”, where administrative access is controlled by an authentication procedure (called ”Lockbox”), for example, in the case of Customer instructing Microsoft to perform a support task that requires the employee to have privileges (that could, but does not always) allow access that could expose them to Customer Data. The allocation of administrative access must thus be established through several links, time-boxes, and full audit log - and if Customer so wishes, it can also include final approval with Customer, through establishing an extended ”lockbox” process, called ”Customer Lockbox”. Microsoft applies strict controls over access to customer data. Access to the IT systems that store customer data is strictly controlled via role-based access control (RBAC) and lock box processes. Access control is an automated process that follows the separation of duties principle and the principle of granting least privilege. This process ensures that the engineer requesting access to these IT systems has met the eligibility requirements, such as a background screen, required security training, and access approvals. In addition, the access levels are reviewed on a periodic basis to ensure that only users who have appropriate business justification have access to the systems. This process ensures that the engineer requesting access to these IT systems has met the eligibility requirements. In addition, the Online Services include built-in approved Windows PowerShell Scripts, which minimise the access rights needed and the surface area available for misconfiguration.
A35: P09 | B35: P09 - Provider having set adequate IAM procedures | C35: Information security | D35: A - Due Diligence | E35: IS.16 | F35: Password Requirements | G35: Security parameters on the network, operating system (host and guest), database and application level (where relevant to the Cloud Service) are configured appropriately to avoid unauthorised access. If no two-factor authentication or use of one-time passwords is possible, the use of secure passwords on all levels and devices (including mobile devices) under Cloud Provider's responsibility is forced technically or must be ensured organisationally in a password policy. | H35: Review | I35: Internal Documentation | K35: 2 | O35: Microsoft Corporation - Microsoft 365 System and Organization Controls (SOC) 2 Report, 2023-2024 | P35: Authentication Internal users are authenticated using Remote Desktop Services and must be authenticated using a two-factor authentication mechanism that includes a smartcard with PIN to log into the RDG. After logging in to the RDG, the user must enter his/her production account user ID and password to access production servers. The corporate password requirements are defined and configured within code and passwords are automatically generated. These requirements include password complexity, length, history, and duration. Additionally, internal users can gain temporary access to elevated roles allowing access to customer content via the JIT methods described above. For those services that only use JIT elevations to access the environment with no standing access, there are requirements built into the JIT tools for generating onetime complex passwords for authenticating into these environments. External Users – Microsoft provides various options to enable the authentication mechanism for end users and M365 customers. Each external entity is responsible for substantiating that the mechanism is configured and operating, as well as enforcing the use of strong passwords. CA-34 – Identity of users is authenticated to M365 Services. The use of passwords incorporates policy on periodic change and password complexity. • Inquired of Logical Access control owners that authentication processes and password policies are enforced. • Observed system configuration settings for a selected server for each service to ascertain that authentication polices regarding change intervals and complexity are being enforced. Exchange (EXO) and Microsoft Teams Exception Noted. For 1 sampled server selected for testing, local password paraments were not configured according to a centralized policy. All Other Services No Exceptions Noted
A36: P08 | B36: P08 - Provider being committed to availability and continuity | C36: Information security | D36: A - Due Diligence | E36: IS.17 | F36: Business Continuity Management | G36: Framework for planning the business continuity and disaster recovery is introduced, documented and applied. The planning depends on established standards which is documented comprehensibly in a "statement of applicability". Business continuity and contingency plans are verified, updated and tested at regular intervals (at least once a year) or after essential organisational or environment-related changes. | H36: Review | I36: Internal Documentation | K36: 1 | O36: Microsoft Corporation - Microsoft 365 System and Organization Controls (SOC) 2 Report, 2023-2024 | P36: ELC-09 - Microsoft’s Enterprise Business Continuity program is intended to ensure that Microsoft is ready to mitigate risks and vulnerabilities and respond to a major disruptive event in a manner that enables the business to continue to operate in a safe, predictable, and reliable way. The EBCM charter provides a strategic direction and leadership to all Microsoft Engineering organizations. EBCM is governed through the Program Management Office to ensure that the program adheres to a coherent long-term vision and mission, and is consistent with enterprise program standards, methods, policies, and metrics. • Inquired of Business Continuity process owners to ascertain that M365 teams participate in the Enterprise Business Continuity program and abide by the EBCM charter. • Obtained and inspected that for a selection of failover tests, that the test was completed as designed, and that any issues identified were assigned to an appropriate owner and being tracked to resolution. • Obtained and inspected program standards and noted it covered backups and disaster recovery strategies. No Exceptions Noted
A37: P09 | B37: P09 - Provider having set adequate IAM procedures | C37: Information security | D37: A - Due Diligence | E37: IS.18 | F37: Secure Deletion of Data | G37: Both when changing storage media for maintenance purposes and upon request of Enterprise or the termination of the contract relationship, the content data of Enterprise, including the data backups and the meta data (as soon as they are no longer required for the proper documentation of the accounting and billing), is deleted completely. The methods used for this (e.g. by overwriting data several times, deletion of the key) prevent the data from being restored via forensic methods. | H37: Review | I37: Internal Documentation | K37: 2 | O37: Microsoft Compliance Checklist for Financial Institutions in Switzerland https://learn.microsoft.com/en-us/compliance/assurance/assurance-data-retention-deletion-and-destruction-overview | P37: During the term of the agreement as well as upon expiration or termination, the customer can extract its data related to its use of the Online Services. As set out in the Product Terms, Microsoft will retain customer data stored in the Online Service in a limited function account for 90 days after expiration or termination of the customer’s subscription so that the customer may extract the data. After the 90-day retention period ends, Microsoft will disable the customer’s account and delete the customer data. Microsoft will disable the account and delete customer data from the account no more than 180 days after expiration or termination of customer’s use of an Online Service. In the event of a termination and where a customer chooses to migrate to a different online service, customers may request that Microsoft provides assistance in such transition through Microsoft’s Professional Services organization. Customers may also request migration or transition assistance and support from Microsoft’s Professional Services organization at any time during the extended service period. Microsoft uses best practice procedures and a wiping solution that is NIST 800-88, ISO/IEC 27001, ISO/IEC 27018, SOC1 and SOC2 compliant. For hard drives that cannot be wiped it uses a destruction process that destroys it (i.e. shredding) and renders the recovery of information impossible (e.g., disintegrate, shred, pulverize, or incinerate). The appropriate means of disposal is determined by the asset type. Records of the destruction are retained. All Microsoft online services utilise approved media storage and disposal management services. Paper documents are destroyed by approved means at the pre-determined end-of-life cycle. In its contracts with customers, Microsoft commits to disabling a customer’s account and deleting customer data from the account no more than 180 days after the expiration or termination of the Online Service. “Secure disposal or re-use of equipment and disposal of media” is covered under the ISO/IEC 27001 standards against which Microsoft is certified.
A38: P07 | B38: P07 - Provider being committed to secured and encrypted communications | C38: Information security | D38: A - Due Diligence | E38: IS.19 | F38: Encryption and Key Management | G38: Policies and instructions with technical and organisational safeguards for encryption procedures (for data in transit and at rest) and key management are documented in which the following aspects are described: • Using strong encryption procedures (e.g. AES) and the use of secure network protocols that correspond to the state of the art (e.g. TLS, IPsec, SSH) • Risk-based regulations for the use of encryption which are compared to schemes for the classification of information and take the communication channel, type, strength and quality of the encryption into account • Requirements for the secure generation, storage, archiving, retrieval, distribution, withdrawal and deletion of the keys • Taking the relevant legal and regulatory obligations and requirements into consideration | H38: Review | I38: Internal Documentation | K38: 3 | O38: Microsoft Corporation - Microsoft 365 System and Organization Controls (SOC) 2 Report, 2023-2024 | P38: Data Transmission (Encryption) Encryption between Microsoft employee and datacenter connection RDG connections are configured to establish Secure Socket Layer (SSL) connections between the internal users and the server. The SSL encryption algorithm is Federal Information Processing Standard (FIPS) 140 compliant. Additionally, access to the M365 applications and support services environments by Microsoft employees to both the RDG and the service servers is encrypted using the defined encryption settings and protocols described above. This encryption is managed by the M365 Remote Access team. Encryption between client and Microsoft datacenter connection Based on the customer’s data connection request, the encrypted connection is configured through the Microsoft network between the client and the desired M365 application and support services. The encryption levels are set by the customer, but each M365 service team has a specified and maintained listing of allowable encryption protocols that the customer may use. Encryption between Microsoft datacenters Each service team is responsible for establishing secured and encrypted connections across datacenters. Teams that use an Azure PaaS subscription rely on Azure to configure and manage encryption settings. Data at Rest (Encryption) Customer content at rest in the M365 environment is encrypted at rest utilizing full disk encryption or file level encryption. The data is encrypted using BitLocker for disk level encryption and custom code built into the applications and supporting services for file level encryption. For example. SPO encrypts at the per-document level, and EXO provides mailbox level encryption by default. Additionally, teams that store data on Azure Blob storage utilize Azure’s built-in encryption at rest. Data Segregation Customer content is stored and processed on a shared database which is logically segregated using program logic and a different customer identifier.
A39: P07 | B39: P07 - Provider being committed to secured and encrypted communications | C39: Information security | D39: A - Due Diligence | E39: IS.20 | F39: Communication Security | G39: Cloud Provider has implemented technical measures which are suitable to promptly detect and respond to network-based attacks on the basis of irregular incoming or outgoing traffic patterns (e.g. by MAC spoofing and ARP poisoning attacks) and/or Distributed Denial- of-Service (DDoS) attacks. | H39: Review | I39: Internal Documentation | K39: 1 | O39: Microsoft Corporation - Microsoft 365 System and Organization Controls (SOC) 2 Report, 2023-2024 | P39: Network Problem Management Microsoft Datacenters’ Global Networking Services (GNS) has designated teams (i.e., Problem Management, Network Escalations, and Network Security) to identify and address security alerts and incidents. GNS is responsible for identifying and analyzing potential problems and issues in the Microsoft 365 Services networking environment.
A40: P07 | B40: P07 - Provider being committed to secured and encrypted communications | C40: Information security | D40: A - Due Diligence | E40: IS.21 | F40: Data Transmission | G40: Cloud Provider has implemented technical and organisational measures in order to protect the transmission of data against unauthorised interception, manipulation, copying, modification, redirection or destruction (e.g. use of encryption, firewalls etc). | H40: Review | I40: Internal Documentation | K40: 2 | O40: Microsoft Corporation - Microsoft 365 System and Organization Controls (SOC) 2 Report, 2023-2024 | P40: Data Transmission (Encryption) Encryption between Microsoft employee and datacenter connection RDG connections are configured to establish Secure Socket Layer (SSL) connections between the internal users and the server. The SSL encryption algorithm is Federal Information Processing Standard (FIPS) 140 compliant. Additionally, access to the M365 applications and support services environments by Microsoft employees to both the RDG and the service servers is encrypted using the defined encryption settings and protocols described above. This encryption is managed by the M365 Remote Access team. Encryption between client and Microsoft datacenter connection Based on the customer’s data connection request, the encrypted connection is configured through the Microsoft network between the client and the desired M365 application and support services. The encryption levels are set by the customer, but each M365 service team has a specified and maintained listing of allowable encryption protocols that the customer may use. Encryption between Microsoft datacenters Each service team is responsible for establishing secured and encrypted connections across datacenters. Teams that use an Azure PaaS subscription rely on Azure to configure and manage encryption settings.
A41: P07 | B41: P07 - Provider being committed to secured and encrypted communications | C41: Information security | D41: A - Due Diligence | E41: IS.22 | F41: Use of APIs and Industry Standards | G41: In order to guarantee the interoperability of Cloud Services, data regarding documented input and output interfaces and in recognised industry standards (e.g. the Open Virtualization Format for virtual appliances) is available in order to support the communication between different components and the migration of applications and data. | H41: Review | I41: Internal Documentation | K41: 2 | O41: Microsoft Corporation - Microsoft 365 System and Organization Controls (SOC) 2 Report, 2023-2024 | P41: Interoperability is secured.
A42: P10 | B42: P10 - Provider garanteeing backsourcing and no lockin | C42: Information security | D42: A - Due Diligence | E42: IS.23 | F42: Export of Data | G42: Enterprise can request the data to which they are entitled according to the contractual framework conditions, from Cloud Provider and receives them in processable, non-proprietary electronic standard formats such as CSV or XML. | H42: Review | I42: Internal Documentation | K42: 2 | O42: DPA - Data Retention and Deletion (p.18) | P42: During the term of the contract, as well as on its expiry or termination, the customer may extract data relating to his use of the online services.
A43: P07 | B43: P07 - Provider being committed to secured and encrypted communications | C43: Information security | D43: A - Due Diligence | E43: IS.24 | F43: Secure Data Import and Export | G43: Cloud Provider uses secure network protocols for the import and export of information as well as for the management of the service in order to ensure the integrity, confidentiality and availability of the transported data. | H43: Review | I43: Internal Documentation | K43: 2 | O43: Microsoft Corporation - Microsoft 365 System and Organization Controls (SOC) 2 Report, 2023- 2024 Microsoft Compliance Checklist for Financial Institutions in Switzerland | P43: Network Configuration Monitoring Microsoft Datacenters’ GNS team has implemented procedural and technical standards for the deployment of network devices. These standards include baseline configurations for network devices, network architecture, and approved protocols and ports. GNS regularly monitors network devices for compliance with technical standards and potentially malicious activity. Secure infrastructure: Microsoft uses multiple encryption methods, protocols, and algorithms across its products and services to help provide a secure path for data to travel through the infrastructure, and to help protect the confidentiality of data that is stored within the infrastructure. Microsoft uses some of the strongest, most secure encryption protocols in the industry to provide a barrier against unauthorised access to our data. Proper key management is an essential element in encryption best practices, and Microsoft helps ensure that encryption keys are properly secured. Protocols and technologies examples include: a. Transport Layer Security (TLS), which uses symmetric cryptography based on a shared secret to encrypt communications as they travel over the network. b. Internet Protocol Security (IPsec), an industry-standard set of protocols used to provide authentication, integrity, and confidentiality of data at the IP packet level as it’s transferred across the network. c. Office 365 servers using BitLocker to encrypt the disk drives containing log files and customer data at rest at the volume-level. BitLocker encryption is a data protection feature built into Windows to safeguard against threats caused by lapses in controls (e.g., access control or recycling of hardware) that could lead to someone gaining physical access to disks containing customer data. d. BitLocker deployed with Advanced Encryption Standard (AES) 256-bit encryption on disks containing customer data in Exchange Online, SharePoint Online, and Skype for Business. Advanced Encryption Standard (AES)-256 is the National Institute of Standards and Technology (NIST) specification for a symmetric key data encryption that was adopted by the US government to replace Data Encryption Standard (DES) and RSA 2048 public key encryption technology. e. BitLocker encryption that uses AES to encrypt entire volumes on Windows server and client machines, which can be used to encrypt Hyper-V virtual machines when a virtual Trusted Platform Module (TPM) is added. BitLocker also encrypts Shielded VMs in Windows Server 2016, to ensure that fabric administrators cannot access the information inside the virtual machine. The Shielded VMs solution includes the Host Guardian Service feature, which is used for virtualization host attestation and encryption key release.
... A56: P10 | B56: P10 - Provider garanteeing backsourcing and no lockin | C56: Legal sourcing | D56: B - Agreement | E56: LC.08 | F56: Access to Data | G56: Enterprise data (irrespective if Personal Data or other data) is an asset of Enterprise and therefore should be available for download and transfer at no additional cost and at any time. The data transfer mechanism (batch, real time) and the format (flat file, relational database management system, spreadsheet, XML, original format or current application service provider format) should be specified in the agreement. | H56: Contract review / negotiate | I56: Contract | K56: 2 | O56: DPA - Data Retention and Deletion (p. 18) | P56: Throughout the term of the Customer's subscription, the Customer will have the ability to access, extract and delete Customer Data stored in each Online Service. Microsoft will retain Customer Data that remains stored in the Online Services in a limited function account for 90 days after the expiration or termination of the Customer's subscription, for retrieval by the Customer. At the end of the 90-day retention period, Microsoft will deactivate the customer's account and delete the customer data stored in the Online Services within an additional 90 days, unless retention is permitted under this DPA.
A57: P08 | B57: P08 - Provider being committed to availability and continuity | C57: Legal sourcing | D57: B - Agreement | E57: LC.09 | F57: Service Interruption (Non-Payment or Breach) | G57: The right to interrupt services gives Cloud Provider tremendous leverage if a dispute arises. Review if restrictions in this regard are reasonable and acceptable (from a business criticality perspective). | H57: Contract review / negotiate | I57: Contract | K57: 2 | P57: No relevant provisions were found in the agreements. The risk of non-payment generally lies with the Microsoft partner from whom CLIENT purchases the services (Dinotronic). There is therefore no risk of suspension of services. To be discussed how to ensure that service suspension is not jeopardizing operations.
A58: P08 | B58: P08 - Provider being committed to availability and continuity | C58: Legal sourcing | D58: B - Agreement | E58: LC.10 | F58: Service Interruption (Enterprise Breach of "Acceptable Use Policy") | G58: Certain Cloud Providers issue an "Acceptable Use Policy" (AUP) with their agreement. Review if restrictions in this regard are reasonable and acceptable (from a business criticality perspective). | H58: Contract review / negotiate | I58: Contract | K58: 2 | O58: Product Terms, Acceptable Use Policy | P58: Acceptable Use Policy Neither Customer, nor those that access an Online Service through Customer, may use an Online Service: - in a way prohibited by law, regulation, governmental order or decree; - to violate the rights of others; - to try to gain unauthorized access to or disrupt any service, device, data, account or network, including by intentionally evading or disrupting restrictions in Metaprompts; - to spam or distribute malware; - to mine cryptocurrency; - in a way that could harm the Online Service or impair anyone else’s use of it; - in any application or situation where failure of the Online Service could lead to the death or serious bodily injury of any person, or to severe physical or environmental damage, except in accordance with the High-Risk Use section below; or - to assist or encourage anyone to do any of the above. Without limiting Microsoft’s other remedies, violations of the Acceptable Use Policy in this section may result in suspension of the Online Service. If Microsoft suspends the Online Service, Microsoft will suspend only to the extent reasonably necessary. Unless Microsoft believes an immediate suspension is required, Microsoft will provide reasonable notice before suspending an Online Service for the reasons stated above. The provision is reasonable. Depending on the BCM criticality of a particular use case, the project will determine whether it is appropriate to apply organisational measures to minimise the risk of suspension due to a breach of the Acceptable Use Policy by CLIENT users (e.g. specific highlighting of risks, etc.).
A59: P04 | B59: P04 - Provider adequately managing its subcontractors | C59: Legal sourcing | D59: B - Agreement | E59: LC.11 | F59: Subcontractors | G59: Cloud Provider to contractually take responsibility for its subcontractors. | H59: Contract review / negotiate | I59: Contract | K59: 3 | O59: DPA List of Subprocessors: https://servicetrust.microsoft.com/DocumentPage/8d295fc2-f7d9-4662-8301-99b077fc6b79 Microsoft Customer Agreement (MCA), Miscellaneous, lit. l | P59: Microsoft is responsible for compliance by its subcontractors with its obligations under the DPA. Microsoft makes information about subcontractors available on its website. When using a subcontractor, Microsoft will ensure, through a written agreement, that the subcontractor can access and use the personal data only to provide the services for which Microsoft has engaged the subcontractor and that the subcontractor is prohibited from using the personal data for any other purpose. Microsoft will ensure that Subcontractors are bound by written agreements requiring them to provide at least the level of data protection required of Microsoft by the DPA, including limits on disclosure of processed data. Microsoft will monitor Subcontractors to ensure compliance with these contractual obligations. Microsoft may engage new Subcontractors and will notify Customer (by updating the website and providing a mechanism for Customer to be notified of such update) at least 6 months prior to providing such Subcontractor with access to Customer Data, and at least 30 days prior to providing such Subcontractor with access to Personal Data other than that contained in Customer Data. If the Customer does not approve a new Processor for an Online Service, the Customer may terminate any subscription to the relevant Online Service without penalty or termination fee by providing written notice of termination prior to the end of the relevant notice period. The customer may also include with the notice of termination an explanation of the reasons for the customer's refusal, in order to allow Microsoft to re-evaluate any new subcontractor based on applicable concerns.
A60: P02 | B60: P02 - Provider adequately contracting the service | C60: Legal sourcing | D60: B - Agreement | E60: LC.12 | F60: Availability of all applicable Terms and Conditions | G60: Ensure that baseline of Cloud Agreement is established and all Terms and Conditions including those incorporated through a URL link are properly reviewed. Review if terms and conditions on a linked document may be unilaterally changed without notice. Review remediation measures and escalate to Business Owner for procedures. | H60: Contract review / negotiate | I60: Contract | K60: 3 | O60: Microsoft Customer Agreement (MCA) Product Terms DPA | P60: Baseline of contractual framework established, see ..... [here, reference should be made to the contract repository]. CLIENT must proactively monitor contractual developments, etc. at programmatic level. We have received all relevant documents.
A61: P02 | B61: P02 - Provider adequately contracting the service | C61: Legal sourcing | D61: B - Agreement | E61: LC.13 | F61: Liability | G61: Ensure Cloud Provider's liability is appropriate to the risk exposure of the Cloud Service. Limitations of liability is a question of risk allocation on Enterprise side and depending on the type and criticality of the Cloud Service. Involvement of Business Owner imperative as this is ultimately a commercial decision. | H61: Contract review / negotiate | I61: Contract | K61: 3 | O61: Microsoft Customer Agreement (MCA), Limitation of liability | P61: Limitation of liability is defined in the MCA, and corresponds to current market standards for SaaS services: MCA limitation of liability Subject to the exclusions, exceptions and applicability provisions in e, f and g, each party's liability to the other party for each product or professional service provided under this agreement shall be limited to the direct damages finally awarded, not to exceed an amount determined as follows: a. Perpetual Licenses. For each product licensed on a perpetual basis, the maximum aggregate liability of each party shall be the amount paid by Customer for the applicable licenses. b. Subscriptions. For each product licensed as a subscription, the maximum aggregate liability of each party is the total subscription fees paid by Customer for use of the product during the 12 months prior to the most recent incident giving rise to the claim(s). c. Professional Services. For Professional Services, the maximum aggregate liability of each party is the amount paid by the Customer for the Professional Services in question. d. Free Offers and Distributable Codes. For Products or Professional Services provided free of charge, and code that Customer is permitted to redistribute to third parties without separate payment to Microsoft, Microsoft's liability is limited to direct damages finally awarded up to $5,000. e. Exclusions. In no event shall either party be liable for indirect, incidental, special, punitive or consequential damages, loss of revenue, profits or anticipated savings (whether direct or indirect), loss of use, loss of business information or business interruption. f. Exceptions. No limitation or exclusion under this Agreement shall apply to liability arising out of (1) either party's obligations of confidentiality (except for any liability relating to Customer Data and Professional Services Data, which shall remain subject to the limitations and exclusions above); (2) obligations under the section entitled Defence of Third Party Claims; or (3) infringement of the other party's intellectual property rights; or (4) wilful misconduct or gross negligence. g. Applicability. To the extent permitted by applicable law, the limitations, exclusions and exceptions set forth in this Limitation of Liability section shall apply to all claims and damages arising under this Agreement or the products or professional services provided under this Agreement, including, without limitation, breach of contract, breach of warranty, strict liability, negligence and other torts, even if the parties knew or should have known of the possibility of damages. h. Liability for death or personal injury. Nothing in this Agreement excludes liability for death or personal injury caused by negligence or liability for fraudulent misrepresentation.
A62: P02 | B62: P02 - Provider adequately contracting the service | C62: Legal sourcing | D62: B - Agreement | E62: LC.14 | F62: Indemnification | G62: Ensure Cloud Provider appropriately indemnifies Enterprise for legal liabilities that may arise as a result of third-party actions such as IP/Patent infringement. | H62: Contract review / negotiate | I62: Contract | K62: 2 | O62: Microsoft Customer Agreement (MCA), Defense of third-party claims | P62: The MCA contains a market standard obligation on the part of Microsoft to indemnify the customer (and vice versa). Cases of claims by third parties due to infringements of property rights (IP/patents) are covered. Defense of third-party claims The parties will defend each other against the third-party claims described in this section and will pay the amount of any resulting adverse final judgment or approved settlement, but only if the defending party is promptly notified in writing of the claim and has the right to control the defense and any settlement of it. The party being defended must provide the defending party with all requested assistance, information, and authority. The defending party will reimburse the other party for reasonable out-of-pocket expenses it incurs in providing assistance. This section describes the parties’ sole remedies and entire liability for such claims. a. By Microsoft. Microsoft will defend Customer against any third-party claim to the extent it alleges that a Product or Services Deliverable made available by Microsoft for a fee and used within the scope of the license granted under this Agreement (unmodified from the form provided by Microsoft and not combined with anything else), misappropriates a trade secret or directly infringes a patent, copyright, trademark, or other proprietary right of a third party. If Microsoft is unable to resolve a claim of misappropriation or infringement, it may, at its option, either (1) modify or replace the Product or Services Deliverable with a functional equivalent or (2) terminate Customer’s license and refund any license fees (less depreciation for perpetual licenses), including amounts paid in advance for unused consumption for any usage period after the termination date. Microsoft will not be liable for any claims or damages due to Customer’s continued use of a Product or Services Deliverable after being notified to stop due to a third-party claim.
A63: P02 | B63: P02 - Provider adequately contracting the service | C63: Legal sourcing | D63: B - Agreement | E63: LC.15 | F63: Termination for Convenience | G63: Flexibility in termination. Ensure Enterprise is flexible enough to terminate Cloud Service for convenience. | H63: Contract review / negotiate | I63: Contract | K63: 3 | O63: Product Terms | P63: Online Services Renewal Online Services with auto-renewal will automatically renew the day after their subscription term expires. Customers may turn off auto-renewal any time before their subscription term expires in the Microsoft 365 admin center (https://learn.microsoft.com/microsoft-365/commerce/subscriptions/renew-your-subscription). Online services subscriptions for government and academic customers will not be automatically renewed unless Customer chooses the auto-renewal option. For Online Services not renewed at the end of their subscription term, access to the applicable Online Services will continue following expiration for 30 days and may continue thereafter for successive one-month periods until cancelled (“Extended Term”). Microsoft reserves the right to invoice Customer for the Extended Term at the then-current published price for a monthly subscription plus a three (3) percent uplift for certain Products. If it does, Microsoft will provide Customer with an opportunity to opt out of the Extended Term prior to the Subscription expiration date and request instead that the applicable Subscription either be renewed automatically or disabled immediately upon expiration. Customer will have 90 days to extract Customer Data from a disabled account, but the Subscription cannot be reactivated.
A64: P10 | B64: P10 - Provider garanteeing backsourcing and no lockin | C64: Legal sourcing | D64: B - Agreement | E64: LC.16 | F64: Data on Termination | G64: Cloud Provider to provide data upon termination in a non-proprietary format | H64: Contract review / negotiate | I64: Contract | K64: 2 | O64: DPA | P64: Throughout the term of the Customer's subscription, the Customer will have the ability to access, extract and delete Customer Data stored in each Online Service. Microsoft will retain Customer Data that remains stored in the Online Services in a limited function account for 90 days after the expiration or termination of the Customer's subscription, for retrieval by the Customer. At the end of the 90-day retention period, Microsoft will deactivate the customer's account and delete the customer data stored in the Online Services within an additional 90 days, unless retention is permitted under this DPA.
A65: P10 | B65: P10 - Provider garanteeing backsourcing and no lockin | C65: Legal sourcing | D65: B - Agreement | E65: LC.17 | F65: Termination Assistance | G65: Support servcies to help exit/transit/migrate Cloud Service | H65: Contract review / negotiate | I65: Contract | K65: 3 | P65: No relevant provisions were found in the agreements. The risk of termination assistance generally lies with the Microsoft partner from whom CLIENT purchases the services (Dinotronic). To be discussed how to ensure that service suspension is not jeopardizing operations.
A66: P01 | B66: P01 - Provider having a sufficient rating | C66: Legal sourcing | D66: A - Due Diligence | E66: LC.18 | F66: Cloud Provider's Standing | G66: Examination of publicly available documentation on Cloud Provider's ability and capacity to provide the Cloud Services as required. | H66: Review | I66: Internal Documentation | K66: 2 | P66: Microsoft is a leader in cloud computing. Microsoft's cloud services have been designed based on ISO 27001 and ISO 27018, a rigorous set of global standards covering physical, logical, process and management controls. Microsoft offers a comprehensive set of compliance offerings. From a risk assurance perspective, Microsoft's technical and organisational measures are designed to meet the needs of Enterprise Customers worldwide.
A67: P03 | B67: P03 - Provider adequately providing the service | C67: Legal sourcing | D67: B - Agreement | E67: LC.19 | F67: Service Description | G67: Agreement needs to include a clear description of the Cloud Service including (where appropriate) meaningful and satisfactory service levels. | H67: Contract review / negotiate | I67: Contract | K67: 2 | O67: Product Terms and Service Level Agreement | P67: Sufficient contractual documentation available.
A68: P11 | B68: P11 - Provider offering adequate auditability and inspection rights | C68: Legal sourcing | D68: B - Agreement | E68: LC.20 | F68: Reporting | G68: Enterprise should be able to receive periodic information on the Cloud Service and Cloud Provider's performance. | H68: Contract review / negotiate | I68: Contract | K68: 2 | O68: DPA | P68: Microsoft offers a wide range of options for creating reports. These include : If Microsoft becomes aware of a security breach that results in the accidental or unlawful destruction, loss, alteration, unauthorized disclosure of, or access to, Customer Data, Professional Services Data, or Personal Data processed by Microsoft, Microsoft will (1) promptly notify the Customer of the security incident without undue delay; (2) investigate the security incident and provide the customer with detailed information about the security incident; and (3) take reasonable steps to mitigate the effects and minimize any damage resulting from the security incident (see DPA, Security Incident Notification). The customer may monitor the performance of the online services at any time via the administrative dashboard, which includes information on Microsoft's compliance with its service level agreement (SLA) commitments. Microsoft also agrees to provide the customer with Microsoft audit reports, resulting from audits performed by a qualified, independent, third-party security auditor, which measure compliance with Microsoft standards certifications (see DPA, Auditing Compliance).
A69: P05 | B69: P05 - Provider having appropriate data protection governance | C69: Legal sourcing | D69: A - Due Diligence | E69: LC.21 | F69: Confidentiality Agreements | G69: The non-disclosure or confidentiality agreements to be concluded with internal employees, external service providers and suppliers of Cloud Provider are based on the requirements of Cloud Provider in order to protect confidential data and business details. | H69: Review | I69: Internal Documentation | K69: 1 | O69: DPA | P69: Processor Confidentiality Commitment Microsoft will ensure that its personnel engaged in the processing of Customer Data, Professional Services Data, and Personal Data (i) will process such data only on instructions from Customer or as described in this DPA, and (ii) will be obligated to maintain the confidentiality and security of such data even after their engagement ends. Microsoft shall provide periodic and mandatory data privacy and security training and awareness to its employees with access to Customer Data, Professional Services Data, and Personal Data in accordance with applicable Data Protection Requirements and industry standards.
A70: P07 | B70: P07 - Provider being committed to secured and encrypted communications | C70: Legal sourcing | D70: A - Due Diligence | E70: LC.22 | F70: Secure Communication | G70: Cloud Provider has implemented technical and organisational measures in order to protect the integrity, confidentiality and availability of the transported data. | H70: Review | I70: Internal Documentation | K70: 1 | O70: Refer to IS Section | P70: Refer to IS
A71: E01 | B71: E01 - Enterprise permanently applying its cloud governance | C71: Legal sourcing | D71: A - Due Diligence | E71: LC.23 | F71: Applying Cloud Governance | G71: Enterprise is able to apply its cloud governance with Cloud Provider on an ongoing basis. No actions on the side of Cloud Provider hinders application of proper cloud governance. | H71: Review | I71: Internal Documentation | K71: 3 | O71: Refer to IS Section | P71: Microsoft’s cloud services are subject to regular independent third party audits, including SSAE16 SOC1 Type II, SSAE SOC2 Type II, ISO/IEC 27001, ISO/IEC 27002 and ISO/IEC 27018. R igorous third-party audits, including by Deloitte, validate the adherence of the cloud services to the strict requirements of these standards. Copies of these audit reports are available at https://www.microsoft.com/en-us/trustcenter/guidance/risk-assessment.
A72: E02 | B72: E02 - Enterprise accepting risk on provider conflict of interest / intelligence | C72: Legal sourcing | D72: A - Due Diligence | E72: LC.24 | F72: No Conflicts | G72: Enterprise to ensure that no actual or potential conflicts of interest may impair Cloud Provider's ability to deliver the Cloud Services, e.g. conflicts of interests or intelligence. | H72: Review | I72: Internal Documentation | K72: 2 | P72: There is currently no indication that Microsoft is involved in any conflictual activities in Switzerland.
A73: E03 | B73: E03 - Enterprise accepting risk on foreign state & crossborder legislation | C73: Legal sourcing | D73: B - Agreement | E73: LC.25 | F73: Governmental Access - Restrictions | G73: To the extent permitted by law, protected information should only be transferred to foreign authorities - with the written consent of Enterprise or - on the basis of a judgment by a competent Swiss court, or - authorization by a Swiss authority. | H73: Contract review / negotiate | I73: Contract | K73: 4 | O73: DPA, Appendix C – Additional Safeguards Addendum Amendment for Switzerland regarding Microsoft Products and Services Data Protection Addendum, In addition: transparency reports as well as Microsoft Law Enforcement Requests Report and Microsoft U.S. National Security Orders Report (https://www.microsoft.com/en-us/corporate-responsibility/reports/government-requests/customer-data) | P73: It expressly states that Microsoft may only disclose data "where required by law, provided that the law and practice respect the essence of fundamental rights and freedoms and do not go beyond what is necessary and proportionate in a democratic society in order to safeguard, where appropriate, any of the objectives set out in Article 23(1) of the GDPR". This regulation lays down strict conditions, in particular for disclosure to US authorities requesting information under the US CLOUD Act and/or FISA 702, and justifies sufficient protection measures.
A74: E03 | B74: E03 - Enterprise accepting risk on foreign state & crossborder legislation | C74: Legal sourcing | D74: B - Agreement | E74: LC.26 | F74: Governmental Access - Defence | G74: If, due to mandatory law, Cloud Provider is unable to inform Enterprise in advance of the transfer or disclosure of protected information to foreign authorities or other parties abroad, Cloud Provider must take the appropriate legal or security measures within in the interests of Enterprise. | H74: Contract review / negotiate | I74: Contract | K74: 3 | O74: DPA, Appendix C – Additional Safeguards Addendum Amendment for Switzerland regarding Microsoft Products and Services Data Protection Addendum, In addition: transparency reports as well as Microsoft Law Enforcement Requests Report and Microsoft U.S. National Security Orders Report (https://www.microsoft.com/en-us/corporate-responsibility/reports/government-requests/customer-data) | P74: Apppendix C of the DPA contains assurances concerning Microsoft's behaviour (contestation, etc.) in the event of an injunction from the authorities requiring mandatory disclosure of personal data processed under the data protection agreement.

Sheet Scoring Result Spider
B1: Scoring against risk appetite threshold
A2: # | B2: Security requirement | C2: # Security Requirmts | D2: Enterprise cloud risk appetite | E2: Initial Scoring | F2: Highest Score Initial Scoring
A3: P01 | B3: P01-Provider Rating | C3: =COUNTIFS('Scoring Card'!A:F,A3) -> 1 | D3: 3 | E3: =AVERAGEIFS('Scoring Card'!K6:K74,'Scoring Card'!A6:A74,A3,'Scoring Card'!K6:K74,">0") -> 2 | F3: =_xlfn.MAXIFS('Scoring Card'!K6:K74,'Scoring Card'!A6:A74,A3) -> 2
A4: P02 | B4: P02-Contract Adequacy | C4: =COUNTIFS('Scoring Card'!A:F,A4) -> 4 | D4: 3 | E4: =AVERAGEIFS('Scoring Card'!K6:K74,'Scoring Card'!A6:A74,A4,'Scoring Card'!K6:K74,">0") -> 2.75 | F4: =_xlfn.MAXIFS('Scoring Card'!K6:K74,'Scoring Card'!A6:A74,A4) -> 3
A5: P03 | B5: P03-Service Provision | C5: =COUNTIFS('Scoring Card'!A:F,A5) -> 1 | D5: 3 | E5: =AVERAGEIFS('Scoring Card'!K6:K74,'Scoring Card'!A6:A74,A5,'Scoring Card'!K6:K74,">0") -> 2 | F5: =_xlfn.MAXIFS('Scoring Card'!K6:K74,'Scoring Card'!A6:A74,A5) -> 2
A6: P04 | B6: P04-Subcontractors | C6: =COUNTIFS('Scoring Card'!A:F,A6) -> 1 | D6: 3 | E6: =AVERAGEIFS('Scoring Card'!K6:K74,'Scoring Card'!A6:A74,A6,'Scoring Card'!K6:K74,">0") -> 3 | F6: =_xlfn.MAXIFS('Scoring Card'!K6:K74,'Scoring Card'!A6:A74,A6) -> 3
A7: P05 | B7: P05-Provider's Data Governance | C7: =COUNTIFS('Scoring Card'!A:F,A7) -> 9 | D7: 3 | E7: =AVERAGEIFS('Scoring Card'!K6:K74,'Scoring Card'!A6:A74,A7,'Scoring Card'!K6:K74,">0") -> 1.8888889 | F7: =_xlfn.MAXIFS('Scoring Card'!K6:K74,'Scoring Card'!A6:A74,A7) -> 4
A8: P06 | B8: P06-Provider's Infosec Governance | C8: =COUNTIFS('Scoring Card'!A:F,A8) -> 11 | D8: 3 | E8: =AVERAGEIFS('Scoring Card'!K6:K74,'Scoring Card'!A6:A74,A8,'Scoring Card'!K6:K74,">0") -> 1.5454545 | F8: =_xlfn.MAXIFS('Scoring Card'!K6:K74,'Scoring Card'!A6:A74,A8) -> 2
A9: P07 | B9: P07-Secured-encrypted Communications | C9: =COUNTIFS('Scoring Card'!A:F,A9) -> 6 | D9: 3 | E9: =AVERAGEIFS('Scoring Card'!K6:K74,'Scoring Card'!A6:A74,A9,'Scoring Card'!K6:K74,">0") -> 1.8333333 | F9: =_xlfn.MAXIFS('Scoring Card'!K6:K74,'Scoring Card'!A6:A74,A9) -> 3
A10: P08 | B10: P08-Availability and Continuity | C10: =COUNTIFS('Scoring Card'!A:F,A10) -> 4 | D10: 3 | E10: =AVERAGEIFS('Scoring Card'!K6:K74,'Scoring Card'!A6:A74,A10,'Scoring Card'!K6:K74,">0") -> 1.5 | F10: =_xlfn.MAXIFS('Scoring Card'!K6:K74,'Scoring Card'!A6:A74,A10) -> 2
A11: P09 | B11: P09-IAM procedures | C11: =COUNTIFS('Scoring Card'!A:F,A11) -> 9 | D11: 3 | E11: =AVERAGEIFS('Scoring Card'!K6:K74,'Scoring Card'!A6:A74,A11,'Scoring Card'!K6:K74,">0") -> 1.7777778 | F11: =_xlfn.MAXIFS('Scoring Card'!K6:K74,'Scoring Card'!A6:A74,A11) -> 3
A12: P10 | B12: P10-Backsourcing-No Lock-in | C12: =COUNTIFS('Scoring Card'!A:F,A12) -> 5 | D12: 3 | E12: =AVERAGEIFS('Scoring Card'!K6:K74,'Scoring Card'!A6:A74,A12,'Scoring Card'!K6:K74,">0") -> 2.2 | F12: =_xlfn.MAXIFS('Scoring Card'!K6:K74,'Scoring Card'!A6:A74,A12) -> 3
A13: P11 | B13: P11-Auditability | C13: =COUNTIFS('Scoring Card'!A:F,A13) -> 3 | D13: 3 | E13: =AVERAGEIFS('Scoring Card'!K6:K74,'Scoring Card'!A6:A74,A13,'Scoring Card'!K6:K74,">0") -> 1.6666667 | F13: =_xlfn.MAXIFS('Scoring Card'!K6:K74,'Scoring Card'!A6:A74,A13) -> 2
A14: E01 | B14: E01-Enterprise Governance Applicability | C14: =COUNTIFS('Scoring Card'!A:F,A14) -> 1 | D14: 3 | E14: =AVERAGEIFS('Scoring Card'!K6:K74,'Scoring Card'!A6:A74,A14,'Scoring Card'!K6:K74,">0") -> 3 | F14: =_xlfn.MAXIFS('Scoring Card'!K6:K74,'Scoring Card'!A6:A74,A14) -> 3
A15: E02 | B15: E02-Provider Intelligence Accepted | C15: =COUNTIFS('Scoring Card'!A:F,A15) -> 1 | D15: 3 | E15: =AVERAGEIFS('Scoring Card'!K6:K74,'Scoring Card'!A6:A74,A15,'Scoring Card'!K6:K74,">0") -> 2 | F15: =_xlfn.MAXIFS('Scoring Card'!K6:K74,'Scoring Card'!A6:A74,A15) -> 2
A16: E03 | B16: E03-Crossborder Accepted | C16: =COUNTIFS('Scoring Card'!A:F,A16) -> 8 | D16: 3 | E16: =AVERAGEIFS('Scoring Card'!K6:K74,'Scoring Card'!A6:A74,A16,'Scoring Card'!K6:K74,">0") -> 2.7142857 | F16: =_xlfn.MAXIFS('Scoring Card'!K6:K74,'Scoring Card'!A6:A74,A16) -> 4
A17: E04 | B17: E04-Enterprise Adequate Use Procedures | C17: =COUNTIFS('Scoring Card'!A:F,A17) -> 2 | D17: 3 | E17: =AVERAGEIFS('Scoring Card'!K6:K74,'Scoring Card'!A6:A74,A17,'Scoring Card'!K6:K74,">0") -> 2 | F17: =_xlfn.MAXIFS('Scoring Card'!K6:K74,'Scoring Card'!A6:A74,A17) -> 2
C19: =SUM(Tableau1['# Security Requirmts]) -> 66 | D19: =AVERAGE(Tableau1[Enterprise cloud risk appetite]) -> 3 | E19: =AVERAGE(Tableau1[Initial Scoring]) -> 2.1250938 | F19: =AVERAGE(Tableau1[Highest Score Initial Scoring]) -> 2.6666667
B21: 1 - Requirement well met 2 - Requirement met 3 - Requirement met under conditions 4 - Requirement not met 5 - Requirement missed

Sheet Tables
B3: Certifciation Standards
B4: Name | C4: Descriptioin | D4: Cloud specific
B5: ISO 27001:2013 | C5: Information Security Management System Requirements | D5: No
B6: ISO 27017:2015 | C6: Information Security Controls for Cloud Services | D6: Yes
B7: ISO 27018:2014 | C7: Information Security Controls for Personal Data | D7: No
B8: Cloud Security Alliance STAR Certification | C8: Independent Assessment based on ISO 27001 and CSA Cloud Controls Matrix | D8: Yes
B25: Assurance Reports
B26: Name | C26: Descriptioin | D26: Cloud specific
B27: ISAE 3402 Type 2 | C27: Report for use by customers and their auditors on the controls at a service provider that is relevant to user entities’ internal control as it relates to financial reporting. | D27: No
B28: SSAE 16 SOC 1 Type II | C28: Same as ISAE 3402 Type 2. Reports on the service provider’s controls related to its clients’ financial reporting | D28: No
B29: SSAE 16 SOC 2 Type II | C29: build on the financial reporting basis of SOC 1 and also require standard operating procedures for organizational oversight, vendor management, risk management, and regulatory oversight. A SOC 2-certified service organization is appropriate for businesses whose regulators, auditors, compliance officers, business partners, and executives require documented standards. | D29: No
B30: ISAE 3000 Type 2 (on C5 BSI Grundschutz)
B34: Type 2/II: Type II reports build upon Type I reports. A Type I report is a report on policies and procedures placed in operation as of a specified point in time. They evaluate the design effectiveness of a service provider's controls and then confirm that the controls have been placed in operations as of a specific date. Type II reports include the examination and confirmation steps involved in a Type I examination plus include an evaluation of the operating effectiveness of the controls for a period of at least six consecutive calendar months.
B36: Enterprise Approved Auditors
B37: Name
B38: Compass Security
B39: Infoguard
B40: Swiss Infosec
B41: KPMG
B42: Ernst&Young
B43: Deloitte
B44: PWC
B45: BSI
... B50: SkyHigh Networks
